 Dungeon Crawl Stone Soup version 0.32-a0-30-gefbe487952 (webtiles) character file.

Game seed: 15349236631026561147

2401 Morbidden the Summoner (level 9, 0/65 HPs)
             Began as a Barachi Summoner on Jan 19, 2024.
             Succumbed to a killer bee's poison
             ... on level 7 of the Dungeon.
             The game lasted 00:15:56 (8848 turns).

Morbidden the Summoner (Barachi Summoner)           Turns: 8848, Time: 00:15:56

Health: 0/65       AC:  7    Str:  9    XL:     9   Next: 46%
Magic:  1/18       EV: 13    Int: 21    God:
Gold:   239        SH:  0    Dex: 12    Spells: 6/20 levels left

rFire   . . .        a - +2 demon blade (elec)
rCold   . . .        (no shield)
rNeg    . . .        f - +1 robe
rPois   .            m - +0 helmet
rElec   .            C - +2 cloak
rCorr   .            (no gloves)
SInv    .            (no boots)
Will    .....        (no amulet)
Stlth   ++           (no ring)
HPRegen 0.30/turn    (no ring)
MPRegen 0.16/turn

%: no passive effects
@: lethally poisoned (0 -> -10), unable to hop, inugami summoned, slow
A: amphibious, slowness 1, strong legs 1, +LOS
a: Hop


You were on level 7 of the Dungeon.
You visited 1 branch of the dungeon, and saw 7 of its levels.
You also visited: Sewer.

You collected 377 gold pieces.
You spent 138 gold pieces at shops.

Inventory:

Hand Weapons
 a - a +2 demon blade of electrocution (weapon)
 l - a +1 dagger of pain
 w - a +4 short sword
Missiles
 D - a throwing net
Armour
 c - an orb of guile
 f - a +1 robe (worn)
 m - a +0 helmet (worn)
 t - a +2 scale mail of cold resistance
 y - a +0 cloak of preservation
 C - a +2 cloak (worn)
Wands
 x - a wand of polymorph (19)
 A - a wand of digging (2)
 B - a wand of flame (25)
Scrolls
 d - 2 scrolls of vulnerability
 e - 5 scrolls of identify
 g - 3 scrolls of amnesia
 k - 5 scrolls of teleportation
 n - 2 scrolls of immolation
 s - 2 scrolls of fear
 z - 3 scrolls of enchant armour
Potions
 b - 3 potions of magic
 h - a potion of brilliance {unknown}
 i - 2 potions of curing {unknown}
 j - a potion of attraction {unknown}
 o - a potion of resistance {unknown}
 p - 2 potions of mutation {unknown}
 q - 2 potions of lignification {unknown}
 r - a potion of invisibility
 u - 2 potions of heal wounds {unknown}
 v - a potion of degeneration {unknown}


   Skills:
 * Level 4.0 Fighting
 + Level 0.8(2.9) Short Blades
 * Level 4.9(5.0) Long Blades
 * Level 4.6 Armour
 * Level 4.9 Dodging
 + Level 2.4 Stealth
 * Level 6.3 Spellcasting
 * Level 8.8 Summonings
 * Level 2.1 Fire Magic
 * Level 2.4 Air Magic


You had 6 spell levels left.
You knew the following spells:

 Your Spells              Type           Power      Damage    Failure   Level
a - Call Canine Familiar  Summ           43%        N/A       1%          3
b - Call Imp              Summ           86%        N/A       1%          2
c - Summon Small Mammal   Summ           100%       N/A       1%          1
d - Summon Blazeheart Go  Fire/Summ      29%        N/A       10%         4
e - Summon Lightning Spi  Summ/Air       30%        N/A       10%         4

Your spell library contained the following spells:

 Spells                   Type           Power      Damage    Failure   Level
 Slow                     Hex            24%        N/A       10%         1
 Confusing Touch          Hex            6%         N/A       28%         3
 Sigil of Binding         Hex            6%         N/A       28%         3
 Vampiric Draining        Necr           6%         2d6       28%         3
 Summon Forest            Summ/Tloc      12%        N/A       41%         5
 Eringya's Noxious Bog    Alch           3%         4d6       100%        6
 Summon Hydra             Summ           21%        N/A       91%         7


Dungeon Overview and Level Annotations

Branches:
Dungeon (7/15)             Temple (0/1) D:6           Sewer (visited)

Altars:
Dithmenos
Kikubaaqudgha
Nemelex Xobeh

Shops:
D:4 (:[:(

Annotations:
D:6 3 runed translucent doors, chuckiee3's ghost, novice MiFi
D:7 2 runed translucent doors, Malachi's ghost, novice OnBe


Innate Abilities, Weirdness & Mutations

You are amphibious.
You cover ground slowly.
You can hop short distances.
You have an extended range of vision and can be seen from far away.


Message History

The killer bee stings your cerulean imp.
Your cerulean imp looks even sicker.
The killer bee poisons your cerulean imp!
Your inugami barely misses the killer bee.
Your cerulean imp hits the killer bee with a +0 spear.
Unknown command.
You feel sick.
The killer bee barely misses your cerulean imp.
The killer bee closely misses your inugami.
The killer bee barely misses your cerulean imp.
The killer bee stings your inugami but does no damage.
Your inugami completely misses the killer bee.
Your cerulean imp hits the killer bee with a +0 spear.
The killer bee stings your inugami.
The killer bee misses your cerulean imp.
Unknown command.
Okay, then.
You feel sick.
Your magical contamination has completely faded away.
Unknown command.
Okay, then.
Casting: Summon Small Mammal (safe; 1% risk of failure)
Confirm with . or Enter, or press ? or * to list all spells.
Okay, then.
Casting: Summon Small Mammal (safe; 1% risk of failure)
Confirm with . or Enter, or press ? or * to list all spells.
A fiery spirit appears, bound in slag iron.
You feel sick. The killer bee stings you.
* * * LOW HITPOINT WARNING * * *
The killer bee stings you.
* * * LOW HITPOINT WARNING * * *
You are lethally poisoned!
The killer bee poisons you!
Unknown command.
Unknown command.
Unknown command.
Unknown command.
Unknown command.
You swap places.
You die...

# # # # # ###################
# #.................# #
####.###############.# #
#...yy9@........<5.#ยง###
######.##y###########.#.#.#..
........................).)..
######.#..............#.#.#.#
#.#y.............#.#.#..
#.#y5#########...#.#.###
#.#.y#.......#...#.#.#
#.#h.#O.$=?..#...#.#.#
#.y..#K .#.#...#.#.#


You could see 3 killer bees and a friendly blazeheart golem (summoned).

Vanquished Creatures
  An ogre (D:5)
  A phantom (D:4)
  2 bullfrogs
  3 scorpions
  2 howler monkeys (D:5)
  2 vampire bats (D:4)
  A bombardier beetle (D:4)
  A hound (D:7)
  An orc priest (D:6)
  Natasha (D:4)
  2 orc wizards
  10 adders
  3 river rats
  A white imp (D:6)
  3 dart slugs
  5 orcs
  2 bats (D:1)
  2 bat skeletons (D:4)
  4 bat zombies (D:4)
  2 endoplasms (Sewer)
  A giant cockroach (D:3)
  9 goblins
  2 hobgoblins
  3 jackals (D:1)
  6 kobolds
  2 quokkas
  9 ball pythons
  16 rats
97 creatures vanquished.

Vanquished Creatures (collateral kills)
  A wyvern (D:7)
  A centaur (D:7)
  A phantom (D:6)
  3 bullfrogs
  2 scorpions (D:4)
  A killer bee (D:7)
  A vampire bat (D:4)
  4 hounds
  An orc priest (D:7)
  A gnoll bouda (D:7)
  Jessica (D:2)
  Natasha (twice) (D:4)
  2 iguanas
  Terence (D:3)
  4 orc wizards
  Robin (D:3)
  10 gnolls
  9 adders
  A ribbon worm (D:4)
  A dart slug (D:2)
  11 orcs
  7 ball pythons
  2 endoplasms
  4 giant cockroaches
  4 goblins
  8 hobgoblins
  4 jackals (D:1)
  7 kobolds
  3 quokkas
  3 bats
  4 frilled lizards
  15 rats
120 creatures vanquished.

Grand Total: 217 creatures vanquished

Notes
Turn   | Place    | Note
-------+----------+-------------------------------------------
     0 | D:1      | Morbidden the Barachi Summoner began the quest for the Orb.
     0 | D:1      | Reached XP level 1. HP: 13/13 MP: 3/3
   146 | D:1      | Reached skill level 5 in Summonings
   147 | D:1      | Reached XP level 2. HP: 19/19 MP: 1/5
   210 | D:1      | Learned a level 2 spell: Call Imp
   337 | D:1      | Found a faded altar of an unknown god.
   435 | D:1      | You fall into a shaft and drop 1 floor!
   439 | D:2      | Noticed Jessica
   479 | D:2      | Killed Jessica
   480 | D:2      | Reached XP level 3. HP: 23/25 MP: 1/7
   586 | D:2      | Reached skill level 1 in Fighting
   735 | D:1      | Reached XP level 4. HP: 30/32 MP: 5/8
  1191 | D:1      | Learned a level 3 spell: Call Canine Familiar
  2374 | D:3      | Identified a scroll of acquirement
  2374 | D:3      | Acquired a +2 demon blade of electrocution
  2716 | D:3      | Noticed Robin
  2723 | D:3      | Reached XP level 5. HP: 31/38 MP: 3/9
  2735 | D:3      | Reached skill level 1 in Armour
  2738 | D:3      | Killed Robin
  2826 | D:3      | Reached skill level 6 in Summonings
  2855 | D:3      | Found a glowing drain.
  2859 | Sewer    | Entered a sewer
  3107 | Sewer    | Reached skill level 1 in Long Blades
  3316 | Sewer    | Reached XP level 6. HP: 44/44 MP: 2/11
  3994 | D:3      | Found a sparkling altar of Nemelex Xobeh.
  4032 | D:3      | Noticed Terence
  4049 | D:3      | Killed Terence
  4050 | D:3      | Reached XP level 7. HP: 51/51 MP: 6/13
  4397 | D:4      | Found Jixoheth's Book Emporium.
  4626 | D:4      | Found an ancient bone altar of Kikubaaqudgha.
  4639 | D:4      | Reached skill level 7 in Summonings
  4730 | D:4      | Noticed Natasha
  4738 | D:4      | Killed Natasha
  4998 | D:4      | Learned a level 4 spell: Summon Blazeheart Golem
  5003 | D:4      | Learned a level 4 spell: Summon Lightning Spire
  5088 | D:4      | Found Mexzezov's Antique Weapon Shop.
  5196 | D:4      | Reached XP level 8. HP: 52/58 MP: 9/15
  5351 | D:4      | Noticed Natasha
  5362 | D:4      | Killed Natasha
  5612 | D:4      | Noticed Natasha
  5626 | D:4      | Killed Natasha
  5627 | D:4      | Reached skill level 1 in Air Magic
  5842 | D:4      | Found Wiwih's Weapon Boutique.
  5848 | D:4      | Reached skill level 5 in Spellcasting
  5920 | D:4      | Found Ylosem's Armour Shoppe.
  5965 | D:4      | Bought a +0 cloak of preservation for 138 gold pieces
  5979 | D:4      | Found Faboar's Book Shop.
  6010 | D:5      | Entered Level 5 of the Dungeon
  6244 | D:5      | Reached skill level 1 in Fire Magic
  7137 | D:6      | Found a shadowy altar of Dithmenos.
  7318 | D:6      | Found a runed translucent gate.
  7347 | D:6      | Found a runed translucent gate.
  7349 | D:6      | Found a runed translucent gate.
  7353 | D:6      | Noticed chuckiee3's ghost (novice MiFi)
  7618 | D:6      | Reached skill level 8 in Summonings
  7722 | D:6      | Reached XP level 9. HP: 65/65 MP: 12/17
  8333 | D:6      | Found a staircase to the Ecumenical Temple.
  8811 | D:7      | Noticed a two-headed ogre
  8812 | D:7      | Found a runed translucent gate.
  8812 | D:7      | Found a runed translucent gate.
  8812 | D:7      | Noticed Malachi's ghost (novice OnBe)
  8847 | D:7      | HP: 3/65 [killer bee (5)]
  8848 | D:7      | Succumbed to a killer bee's poison

Illustrated notes

Levels and vault maps discovered:
D:1:      co_arrival_square_in_a_square_in_a_square, layout_loops_ring,
          hellmonk_ecumenical_altar_defaced_shrine, minmay_split_cup_small
D:2:      layout_loops_ring, minmay_pentomino_t2, uniq_jessica
D:3:      layout_loops_ring, old_standard_altar, gup_sewer_entry_spiral,
          minmay_misc_feat_plants, kennysheep_cross_room, uniq_terence,
          uniq_robin
D:4:      layout_gridville, kennysheep_vampire_church, serial_shops,
          nicolae_shop_pleasant_corner_grove, shop, nicolae_shop_dealshenge,
          nicolae_shop_rolling_square, shop, dreamdust_wishing_well,
          minmay_pentangle, uniq_natasha
D:5:      layout_gridville, minivault_25
D:6:      minmay_evil_eye, layout_loops_corners, lemuel_doored_altar,
          minmay_temple_entry_from_below_a, gammafunk_ghost_necromancy
D:7:      layout_basic, nicolae_hepliaklqana_hazy_memory,
          nicolae_gozag_cash_rules_everything_around_me,
          mainiacjoe_overflow_alcove_1, gammafunk_ghost_split

Skill      XL: |  1  2  3  4  5  6  7  8  9 |
---------------+----------------------------+-----
Summonings     | 5 6 7 8 |  8.8
Fighting       | 1 2 3 4 |  4.0
Spellcasting   | 3 4 5 6 |  6.3
Dodging        | 3 4 |  4.9
Armour         | 1 2 4 |  4.6
Long Blades    | 1 2 3 4 |  4.9
Stealth        | 2 |  2.4
Air Magic      | 1 2 |  2.4
Fire Magic     | 1 2 |  2.1
Short Blades   | |  0.8

Action                     |  1- 3 |  4- 6 |  7- 9 || total
---------------------------+-------+-------+-------++-------
  Melee: Unarmed           |    13 |       |       ||    13
         Short sword       |    18 |    65 |       ||    83
         Demon blade       |       |    76 |   158 ||   234
         Punch             |       |     1 |       ||     1
   Cast: Summon Small Mamm |    24 |    22 |    27 ||    73
         Call Imp          |     8 |    33 |    46 ||    87
         Call Canine Famil |       |    24 |    38 ||    62
         Summon Blazeheart |       |       |     2 ||     2
         Summon Lightning  |       |       |     3 ||     3
Ability: Hop               |       |       |     1 ||     1
    Use: Scroll            |       |    12 |       ||    12
   Stab: Sleeping          |       |     4 |     2 ||     6
         Distracted        |       |     2 |     1 ||     3
 Armour: Robe              |    20 |   104 |   163 ||   287
  Dodge: Dodged            |    23 |   131 |   180 ||   334

Table legend: (Time is in decaauts)
 A = Elapsed time spent in this place.
 B = Non-inter-level travel time spent in this place.
 C = Inter-level travel time spent in this place.
 D = Time resting spent in this place.
 E = Time spent auto-exploring this place.
 F = Levels seen in this place.
 G = Mean time per level.
                   A        B        C        D        E       F      G
               +--------+--------+--------+--------+--------+-----+--------+
         Total |   9716 |   9424 |    292 |    787 |   6703 |   8 | 1214.5 |
       Dungeon |   8676 |   8384 |    292 |    393 |   6277 |   7 | 1239.4 |
         Sewer |   1039 |   1039 |      0 |    394 |    425 |   1 | 1039.0 |
               +--------+--------+--------+--------+--------+-----+--------+

Top non-repeatable levels by time:
     D:4: 1801 daAuts
     D:6: 1777 daAuts
     D:1: 1383 daAuts
     D:2: 1201 daAuts
     D:3: 1155 daAuts
   Sewer: 1039 daAuts
     D:5: 1038 daAuts
     D:7: 319 daAuts
